 Dungeon Sprint DCSS version 0.32-a0-876-gcfddb08e57 (webtiles) character file.

Game seed: 15996747385419718757

2900000 Griffin23 the Axe Maniac (level 21, -11/204 HPs)
             Began as a Formicid Warper on Apr 1, 2024.
             Engulfed by a cloud of flame (13 damage)
             ... in the Dungeon (Sprint VIII: "Arena of Blood").
             The game lasted 00:02:28 (29 turns).

Griffin23 the Axe Maniac (Formicid Warper)            Turns: 29, Time: 00:02:28

Health: -11/204    AC:  6    Str: 24    XL:     21   Next: 58%
Magic:  22/35      EV: 24    Int: 16    God:
Gold:   0          SH:  0    Dex: 13    Spells: 24/24 levels left

rFire   . . .        g - +∞ Axe of Woe
rCold   . . .        (no shield)
rNeg    . . .        b - +0 leather armour
rPois   .            (helmet unavailable)
rElec   .            (no cloak)
rCorr   .            (no gloves)
SInv    +            (no boots)
Will    ++...        (no amulet)
Stlth   +++++++++    (no ring)
HPRegen 0.54/turn    (no ring)
MPRegen 0.24/turn

%: no passive effects
@: no status effects
A: permanent stasis, dig shafts and tunnels, antennae 3, four strong arms
a: Dig


You were in the Dungeon.
You visited 1 branch

Inventory:

Hand Weapons
 a - a +0 hand axe
 g - the +∞ Axe of Woe (weapon)
   (You found it in the Dungeon)
Missiles
 c - 6 darts of dispersal (quivered)
Armour
 b - a +0 leather armour (worn)
Potions
 d - a potion of curing
 f - 2 potions of magic


   Skills:
 O Level 27 Fighting
 O Level 27 Axes
 + Level 18.4(24.7) Maces & Flails
 + Level 18.4(24.7) Polearms
 O Level 27 Throwing
 O Level 27 Armour
 O Level 27 Dodging
 O Level 27 Stealth
 + Level 18.4 Unarmed Combat
 - Level 2.1 Spellcasting
 - Level 2.6 Translocations
 + Level 21.4 Invocations
 + Level 19.9 Evocations


You had 24 spell levels left.
You didn't know any spells.
Your spell library contained the following spells:

 Spells                   Type           Power      Damage    Failure   Level
 Lesser Beckoning         Tloc           20%        N/A       11%         2
 Teleport Other           Tloc           10%        N/A       22%         3
 Blink                    Tloc           Unusable   N/A       N/A         2
 Maxwell's Portable Pile  Tloc           Unusable   2d(7-13)  N/A         4
 Vhi's Electric Charge    Tloc/Air       Unusable   N/A       N/A         4

Dungeon Overview and Level Annotations

Branches:
Dungeon (1/1)

Altars:
Makhleb


Innate Abilities, Weirdness & Mutations

You cannot be hasted, slowed, berserked, paralysed or teleported.
You can dig through walls and to a lower floor.
You have a pair of large antennae on your head. (SInv)
Your four strong arms can wield two-handed weapons with a shield.


Message History

You kill the bag of meat!
You slice the meat berserker!!
You fatally mangle the meat berserker.
You kill the meat berserker!
The large bag of meat explodes!
The fiery explosion engulfs you!!
* * * LOW HITPOINT WARNING * * *
You are engulfed in blazing flames.
* * * LOW HITPOINT WARNING * * *
You hear a shout! x6
A bag of meat comes into view. It is wielding a +9 war axe. x3
You hear a shout! x5
Your base Maces & Flails skill gained 4 levels and is now at level 18!
Your base Polearms skill gained 4 levels and is now at level 18!
Your Unarmed Combat skill gained 4 levels and is now at level 18!
Your Invocations skill gained 4 levels and is now at level 21!
Your Evocations skill gained 4 levels and is now at level 19!
You have reached level 21!
Your experience leads to an increase in your attributes!
Increase (S)trength, (I)ntelligence, or (D)exterity?
You feel stronger. x2
A meat berserker comes into view. It is wielding a +9 battleaxe.
You feel much better.
The eight-headed meat hydra appears out of thin air!
An eight-headed meat hydra comes into view.
You are engulfed in blazing flames.
* * * LOW HITPOINT WARNING * * *
The destroyer points at you and mumbles some strange words.
The destroyer blinks!
The bag of meat is engulfed in blazing flames.
A bag of meat comes into view. It is wielding a +9 war axe. x2
The bag of meat is engulfed in blazing flames.
The eight-headed meat hydra roars!
The bag of meat shouts! x2
You hit the meat berserker.
You pulverise the meat berserker into a thin bloody mist.
You kill the meat berserker!
You slash the bag of meat!
You fatally mangle the bag of meat.
You kill the bag of meat!
You hit the bag of meat.
You fatally mangle the bag of meat.
You kill the bag of meat!
You are engulfed in blazing flames.
You die...

..........
....o..oO{ {{
......... {
#.oo..,.# ..
#..oo,..#{{
...###§o§{ ..###.
..Vo.o§°###......
#...oO§@)_......
....D.#))...#..
.....{#_.Oo_#
...o #....o#
#..{....._o....
..{.....###oo....
O{.###..o{,..###.
{ {#o.. ..#{{
{{#.. .# {


You could see an eight-headed meat hydra, a destroyer, a large bag of meat
(inner flame), 3 meat berserkers and 18 bags of meat.

Vanquished Creatures
  A vampire knight (D)
  9 ogres (D)
  A two-headed ogre (D)
  29 orcs (D)
40 creatures vanquished.

Notes
Turn   | Place    | Note
-------+----------+-------------------------------------------
     0 | D        | Found the +∞ Axe of Woe
     0 | D        | Griffin23 the Formicid Warper began the quest for the Orb.
     0 | D        | Reached XP level 1. HP: 16/16 MP: 3/3
     2 | D        | Noticed a bag of meat
     3 | D        | Noticed a bag of meat
     4 | D        | Noticed a bag of meat
     4 | D        | Noticed a bag of meat
     4 | D        | Noticed a bag of meat
     5 | D        | Noticed a meat berserker
     6 | D        | Killed a bag of meat
     6 | D        | Noticed a bag of meat
     6 | D        | Noticed a bag of meat
     7 | D        | Reached skill level 10 in Throwing
     7 | D        | Reached skill level 10 in Armour
     7 | D        | Reached XP level 2. HP: 37/37 MP: 5/5
     7 | D        | Reached XP level 3. HP: 43/43 MP: 6/6
     7 | D        | Reached XP level 4. HP: 50/50 MP: 7/7
     7 | D        | Reached XP level 5. HP: 56/56 MP: 8/8
     7 | D        | Reached XP level 6. HP: 62/62 MP: 9/9
     7 | D        | Reached XP level 7. HP: 68/68 MP: 10/10
     7 | D        | Reached XP level 8. HP: 75/75 MP: 11/11
     7 | D        | Reached XP level 9. HP: 81/81 MP: 12/12
     7 | D        | Reached XP level 10. HP: 88/88 MP: 13/13
     7 | D        | Reached XP level 11. HP: 93/93 MP: 14/14
     7 | D        | Noticed a bag of meat
     8 | D        | Killed a meat berserker
     8 | D        | Killed a bag of meat
     8 | D        | Noticed a meat berserker
     8 | D        | Noticed a bag of meat
     8 | D        | Noticed a bag of meat
     9 | D        | Reached skill level 15 in Fighting
     9 | D        | Reached XP level 12. HP: 27/109 MP: 15/15
     9 | D        | Reached XP level 13. HP: 29/115 MP: 16/16
     9 | D        | Noticed a bag of meat
     9 | D        | Noticed a bag of meat
    10 | D        | Killed a bag of meat
    10 | D        | Killed a bag of meat
    10 | D        | Noticed a bag of meat
    10 | D        | Noticed a bag of meat
    10 | D        | Noticed a bag of meat
    11 | D        | Reached skill level 15 in Throwing
    11 | D        | Reached XP level 14. HP: 32/126 MP: 17/17
    11 | D        | Killed a bag of meat
    11 | D        | Noticed a meat berserker
    12 | D        | Noticed a meat berserker
    12 | D        | Killed a meat berserker
    12 | D        | Noticed a bag of meat
    12 | D        | Noticed a bag of meat
    13 | D        | Reached skill level 15 in Dodging
    13 | D        | Reached XP level 15. HP: 36/136 MP: 18/18
    13 | D        | Noticed a meat berserker
    16 | D        | Noticed a meat berserker
    17 | D        | Reached XP level 16. HP: 40/148 MP: 19/19
    17 | D        | Killed a meat berserker
    17 | D        | Noticed a meat berserker
    17 | D        | Noticed a large bag of meat
    18 | D        | Noticed a meat berserker
    18 | D        | Killed a meat berserker
    18 | D        | Killed a meat berserker
    19 | D        | Reached skill level 27 in Axes
    19 | D        | Reached XP level 17. HP: 45/164 MP: 20/20
    19 | D        | Noticed a meat berserker
    20 | D        | Reached skill level 27 in Stealth
    20 | D        | Reached XP level 18. HP: 48/173 MP: 21/21
    21 | D        | Noticed a meat berserker
    22 | D        | Reached skill level 27 in Fighting
    22 | D        | Reached XP level 19. HP: 54/189 MP: 22/22
    22 | D        | Killed a meat berserker
    23 | D        | Reached skill level 27 in Throwing
    23 | D        | Reached skill level 27 in Armour
    23 | D        | Noticed a destroyer
    23 | D        | Noticed a meat berserker
    24 | D        | Reached skill level 27 in Dodging
    24 | D        | Noticed a meat berserker
    25 | D        | Reached XP level 20. HP: 57/197 MP: 22/27
    25 | D        | Killed a destroyer
    25 | D        | Noticed a large bag of meat
    26 | D        | Killed a meat berserker
    26 | D        | Noticed a destroyer
    27 | D        | Reached skill level 15 in Evocations
    27 | D        | Killed a large bag of meat
    27 | D        | Killed a meat berserker
    28 | D        | Reached XP level 21. HP: 12/204 MP: 22/35
    28 | D        | Noticed a meat berserker
    28 | D        | HP: 1/204 [something (23)]
    29 | D        | Noticed an eight-headed meat hydra
    29 | D        | Killed a meat berserker
    29 | D        | Engulfed by a cloud of flame

Illustrated notes

Levels and vault maps discovered:
D:        meatsprint

Skill      XL: |  1  2  3  4  5  6  7  8  9 10 11 12 13 14 15 16 17 18 19 20 |
---------------+-------------------------------------------------------------+-----
Fighting       | 11 15 16 18 20 23 27 | 27.0
Axes           | 14 18 20 22 24 27 | 27.0
Throwing       | 10 13 15 16 18 21 22 25 27 | 27.0
Armour         | 10 14 16 17 19 22 23 26 27 | 27.0
Dodging        | 9 12 13 15 16 19 20 22 27 | 27.0
Stealth        | 12 17 18 20 22 26 27 | 27.0
Maces & Flails | 8 18 | 18.4
Polearms       | 8 18 | 18.4
Unarmed Combat | 8 18 | 18.4
Invocations    | 9 21 | 21.4
Evocations     | 8 19 | 19.9
Spellcasting   | |  2.1
Translocations | |  2.6

Action                     |  1- 3 |  4- 6 |  7- 9 | 10-12 | 13-15 | 16-18 | 19-21 || total
---------------------------+-------+-------+-------+-------+-------+-------+-------++-------
  Melee: Executioner's axe |     1 |       |       |     1 |     6 |     5 |     7 ||    20
  Throw: Dart              |       |       |       |       |     1 |       |       ||     1
    Use: Potion            |       |       |       |       |       |       |     1 ||     1
 Armour: Leather armour    |       |       |       |     1 |       |       |     4 ||     5

Table legend: (Time is in decaauts)
 A = Elapsed time spent in this place.
 B = Non-inter-level travel time spent in this place.
 C = Inter-level travel time spent in this place.
 D = Time resting spent in this place.
 E = Time spent auto-exploring this place.
 F = Levels seen in this place.
 G = Mean time per level.
                   A        B        C        D        E       F      G
               +--------+--------+--------+--------+--------+-----+--------+
         Total |     25 |     25 |      0 |      0 |      0 |   1 |   25.0 |
       Dungeon |     25 |     25 |      0 |      0 |      0 |   1 |   25.0 |
               +--------+--------+--------+--------+--------+-----+--------+

Top non-repeatable levels by time:
       D: 25 daAuts
